 Dungeon Crawl Stone Soup version 0.31.0-9-g3a7656b989 (webtiles) character file.

Game seed: 11043522600180652347

128 EnegeticOcto the Ruffian (level 4, 45/45 HPs)
             Began as a Troll Monk on Jan 31, 2024.
             Quit the game on level 2 of the Dungeon.
             The game lasted 00:00:56 (1374 turns).

EnegeticOcto the Ruffian (Troll Monk)               Turns: 1374, Time: 00:00:56

Health: 45/45      AC:  4    Str: 19    XL:     4   Next: 86%
Magic:  3/3        EV: 10    Int:  6    God:
Gold:   74         SH:  0    Dex: 14    Spells: 3/3 levels left

rFire   . .          .
                       - Unarmed
rCold   . . .        c - orb {light}
rNeg    . . .        a - +0 robe
rPois   .            (helmet restricted)
rElec   .            (no cloak)
rCorr   .            (gloves unavailable)
SInv    .            (boots unavailable)
Will    .....        (no amulet)
Stlth   +            (no ring)
HPRegen 1.07/turn    (no ring)
MPRegen 0.08/turn

%: no passive effects
@: glowing
A: large, unfitting armour, claws 3, regeneration 1, shaggy fur 1, tough skin 1
a: no special abilities


You were on level 2 of the Dungeon.
You visited 1 branch of the dungeon, and saw 2 of its levels.

You collected 74 gold pieces.

Inventory:

Armour
 a - a +0 robe (worn)
 c - an orb of light (worn)
 e - a +0 tower shield
   (You found it on level 1 of the Dungeon)
Scrolls
 i - a scroll of teleportation {unknown}
 j - 2 scrolls of torment {unknown}
 k - a scroll of brand weapon {unknown}
 l - a scroll of identify {unknown}
 m - a scroll of fog {unknown}
Potions
 b - 2 potions of ambrosia
 d - 2 potions of invisibility {unknown}
 f - a potion of magic {unknown}
 g - 2 potions of might {unknown}
 h - a potion of berserk rage {unknown}
 n - a potion of lignification {unknown}


   Skills:
 + Level 3.1 Fighting
 + Level 3.1 Dodging
 * Level 4.5 Unarmed Combat


You had 3 spell levels left.
You didn't know any spells.
Your spell library was empty.

Dungeon Overview and Level Annotations

Branches:
Dungeon (2/15) Zot: 10633

Altars:

Shops:
D:2 [


Innate Abilities, Weirdness & Mutations

You are too large for most types of armour.
You have claws for hands.
Your natural rate of healing is unusually fast.
You are covered in fur. (AC +1)
You have tough skin. (AC +1)


Message History

You claw the ball python!
You kill the ball python!
No target in view!
No target in view!
No target in view!
An orc comes into view. It is wielding a +0 hand axe.
The orc shouts!
An orc is nearby!
An orc is nearby!
Found a stone staircase leading up.
You claw the orc!
You kill the orc!
No target in view!
No target in view!
No target in view!
No target in view!
No target in view!
No target in view!
Things that are here:
a +0 hand axe; an orc corpse
Found a ring mail.
You open the door.
There is an open door here.
There is an open door here.
Jessica the Apprentice Sorceress comes into view.
She is wielding a +0 dagger.
Jessica shouts!
Jessica is nearby!
Jessica points at you and mumbles some strange words.
Pain shoots through your body!
Found a scroll labelled JYFY BYAT MEOR.
Jessica barely misses you.
You scratch Jessica but do no damage. Jessica barely misses you.
You completely miss Jessica. Jessica hits you but does no damage.
You barely miss Jessica. Jessica closely misses you.
You barely miss Jessica. Jessica hits you with a +0 dagger.
You scratch Jessica.
Jessica is moderately wounded.
Jessica closely misses you.
You completely miss Jessica.
Jessica is moderately wounded.
Jessica barely misses you.
You scratch Jessica but do no damage.
Jessica is moderately wounded.
Jessica hits you but does no damage.
Jessica is nearby!
Jessica is nearby!
Jessica is nearby!
You claw Jessica!
You kill Jessica!
Things that are here:
a +0 dagger; a +0 robe
Things that are here:
a +0 dagger; a +0 robe
m - a scroll labelled JYFY BYAT MEOR You open the door.
An adder comes into view.
The adder hisses angrily.
An adder is nearby!
There is an open door here.
Found a runed filigree amulet.
The adder barely misses you. The adder bites you.
You barely miss the adder. The adder bites you.
You scratch the adder.
The adder is lightly wounded.
The adder misses you.
You scratch the adder.
The adder is severely wounded.
The adder bites you but does no damage.
You barely miss the adder.
The adder is severely wounded.
The adder closely misses you.
You barely miss the adder.
The adder is severely wounded.
The adder bites you but does no damage. x2
You closely miss the adder.
The adder is severely wounded.
The adder closely misses you.
You scratch the adder.
The adder is almost dead.
The adder bites you but does no damage.
An adder is nearby!
An adder is nearby!
You claw the adder!
You kill the adder!
No target in view!
No target in view!
Found a faded altar of an unknown god.
You enter the shallow water.
You see here an adder corpse.
As you open the door, it creaks loudly!
There is an open door here.
You enter the shallow water.
Things that are here:
a +0 dagger; a +0 robe You open the door.
There is an open door here.
n - a blue potion
There is a faded altar of an unknown god here.
This altar belongs to (a) Wu Jian, (b) Sif Muna or (c) the Shining One, but you can't tell which.
Press the corresponding letter to learn more about a god, or press enter to convert or escape to cancel.
Okay, then.
Are you sure you want to abandon this character and quit the game? (Confirm with "yes".)

#.# ##...## #.# # #.####
##..†..## ####.# # #.##.##
##..~~~~.# ##.##.# #
#.#...####..~~≈≈≈~≈####...#.####
#........'.~~≈≈≈≈≈≈≈............
##.#...####~≈≈≈≈≈≈≈≈≈≈.......####
.......# #≈≈≈≈######≈###.........
##.###.# #≈≈≈≈#.".##.# #.###.###.
##...#.# #≈≈≈≈#.@.'..# #.###.#
####.#.# #≈≈≈≈#...#..###.....#
####.#.# ##≈≈≈######..)......###.
.......# #≈≈≈≈≈≈≈≈≈~~##.........
####.### #≈≈≈≈≈≈≈≈≈≈###.########
#.#######~≈≈≈≈≈≈≈≈# #.#
#......###.~~~≈#### #.#
######.####...#######.#
#................#


There were no monsters in sight!

Vanquished Creatures
  Jessica (D:2)
  Robin (D:2)
  4 adders (D:2)
  A dart slug (D:2)
  An orc (D:2)
  4 bats
  4 endoplasms
  4 giant cockroaches
  6 hobgoblins
  A kobold (D:1)
  3 quokkas
  7 ball pythons
  3 frilled lizards
  8 goblins
  3 rats
51 creatures vanquished.

Notes
Turn   | Place    | Note
-------+----------+-------------------------------------------
     0 | D:1      | EnegeticOcto the Troll Monk began the quest for the Orb.
     0 | D:1      | Reached XP level 1. HP: 22/22 MP: 0/0
   101 | D:1      | Reached XP level 2. HP: 29/29 MP: 1/1
   658 | D:2      | Reached XP level 3. HP: 36/36 MP: 2/2
   663 | D:2      | Identified the +1 ring mail "Subuc" {rPois rCorr}
   749 | D:2      | Noticed Robin
   763 | D:2      | Killed Robin
   854 | D:2      | Reached skill level 4 in Unarmed Combat
   870 | D:2      | Reached XP level 4. HP: 44/44 MP: 3/3
   870 | D:2      | Found Moeg Buih's Antique Armour Shoppe.
   953 | D:2      | Reached skill level 3 in Fighting
  1107 | D:2      | Reached skill level 3 in Dodging
  1210 | D:2      | Noticed Jessica
  1237 | D:2      | Killed Jessica
  1295 | D:2      | Found a faded altar of an unknown god.
  1374 | D:2      | Quit the game

Illustrated notes

Levels and vault maps discovered:
D:1:      saegor_arrival_under_anarchy, layout_rooms, serial_curves,
          eino_curves_03, eino_curves_01, eino_curves_02, eino_curves_04
D:2:      layout_loops_corners, serial_shops, nicolae_shop_advertising_works
          [nicolae_subvault_shop_adworks], nicolae_ecumenical_lake_church,
          nicolae_underground_beach, uniq_jessica, uniq_robin

Skill      XL: |  1  2  3  4 |
---------------+-------------+-----
Unarmed Combat | 4 |  4.5
Fighting       | 3 |  3.1
Dodging        | 3 |  3.1

Action                     |  1- 3 |  4- 6 || total
---------------------------+-------+-------++-------
  Melee: Unarmed           |    79 |    28 ||   107
 Armour: Robe              |    29 |    11 ||    40
  Dodge: Dodged            |    32 |    15 ||    47

Table legend:
 A = Kills in this place as a percentage of kills in the entire game.
 B = Kills by you in this place as a percentage of kills by you in the entire game.
 C = Kills by friends in this place as a percentage of kills by friends in the entire game.
 D = Other kills in this place as a percentage of other kills in the entire game.
 E = Experience gained in this place as a percentage of experience gained in the entire game.
 F = Experience gained in this place divided by the number of levels of this place that you have seen.
                   A       B       C       D       E      F
               +-------+-------+-------+-------+-------+----------------------
         Total | 100.0 | 100.0 |   N/A |   N/A | 100.0 |  91.5
       Dungeon | 100.0 | 100.0 |   N/A |   N/A | 100.0 |  91.5
               +-------+-------+-------+-------+-------+----------------------

Table legend: (Time is in decaauts)
 A = Elapsed time spent in this place.
 B = Non-inter-level travel time spent in this place.
 C = Inter-level travel time spent in this place.
 D = Time resting spent in this place.
 E = Time spent auto-exploring this place.
 F = Levels seen in this place.
 G = Mean time per level.
                   A        B        C        D        E       F      G
               +--------+--------+--------+--------+--------+-----+--------+
         Total |   1366 |   1328 |     38 |      0 |   1091 |   2 |  683.0 |
       Dungeon |   1366 |   1328 |     38 |      0 |   1091 |   2 |  683.0 |
               +--------+--------+--------+--------+--------+-----+--------+

Top non-repeatable levels by time:
     D:2: 803 daAuts
     D:1: 563 daAuts
